 Dungeon Crawl Stone Soup version 0.21.1-1-g345015f (webtiles) character file.

79 Matador8 the Poker (level 4, -3/33 HPs)
             Began as a Merfolk Skald on Apr 18, 2018.
             Killed by divine providence
             ... invoked by an orc priest
              (15 damage)
             ... on level 3 of the Dungeon.
             The game lasted 00:08:32 (2275 turns).

Matador8 the Poker (Merfolk Skald)                  Turns: 2275, Time: 00:08:33

Health: -3/33      AC:  3    Str: 11    XL:     4   Next: 37%
Magic:  2/7        EV: 12    Int: 13    God:
Gold:   110        SH:  0    Dex: 13    Spells: 1/7 levels left

rFire    . . .     SeeInvis .   a - +0 spear
rCold    . . .     Gourm    .   (no shield)
rNeg     . . .     Faith    .   b - +0 leather armour
rPois    .         Spirit   .   (no helmet)
rElec    .         Reflect  .   (no cloak)
rCorr    .         Harm     .   (no gloves)
MR       .....                  (no boots)
Stlth    +.........             (no amulet)
HPRegen  0.11/turn              (no ring)
MPRegen  0.10/turn              (no ring)

@: infused
A: change form in water, swift swim, stealthy swim
a: no special abilities


You were on level 3 of the Dungeon.
You were not hungry.

You visited 1 branch of the dungeon, and saw 3 of its levels.

You collected 110 gold pieces.

Inventory:

Hand Weapons
 a - a +0 spear (weapon)
Armour
 b - a +0 leather armour (worn)
Jewellery
 t - a cursed ring of teleportation {unknown}
Scrolls
 f - 4 scrolls of identify {unknown}
 g - a scroll of teleportation {unknown}
 j - 2 scrolls of immolation {unknown}
 n - a scroll of enchant weapon {unknown}
 p - a scroll of remove curse {unknown}
 q - a scroll of noise {unknown}
 u - a scroll of magic mapping {unknown}
Potions
 e - a potion of heal wounds {unknown}
 h - 2 potions of flight {unknown}
 i - 3 potions of haste {unknown}
 k - a potion of invisibility {unknown}
 l - a potion of agility {unknown}
 m - a potion of degeneration {unknown}
 o - a potion of curing {unknown}
 r - a potion of berserk rage {unknown}
Books
 c - a book of Battle

   Spells                             Type                      Level
   a - Infusion                       Charms                       1
   b - Shroud of Golubria             Charms/Translocation         2
   c - Song of Slaying                Charms                       2
   d - Spectral Weapon                Hexes/Charms                 3
   e - Regeneration                   Charms/Necromancy            3
Comestibles
 d - 5 rations
 s - 6 chunks of flesh


   Skills:
 - Level 2.1 Fighting
 + Level 5.5 Polearms
 - Level 0.6 Armour
 - Level 2.6 Dodging
 - Level 2.0 Spellcasting
 + Level 1.0 Hexes
 - Level 4.0 Charms


You had one spell level left.
You knew the following spells:

 Your Spells              Type           Power        Failure   Level  Hunger
a - Infusion              Chrm           ##..         6%          1    ##.....
b - Shroud of Golubria    Chrm/Tloc      #.........   22%         2    ###....
c - Spectral Weapon       Hex/Chrm       #.......     34%         3    ####...


Dungeon Overview and Level Annotations

Branches:
Dungeon (3/15)

Altars:
Cheibriados


Message History

An orc comes into view. It is wielding a flail.
The orc shouts!
You hit the orc priest.
The orc priest is heavily wounded.
Your shroud begins to fray at the edges.
You barely miss the orc priest.
The orc priest is heavily wounded.
The orc priest barely misses you.
You hit the orc priest.
The orc priest is severely wounded.
The orc closely misses you.
Your shroud bends the orc priest's attack away.
The orc priest invokes the aid of Beogh against you.
Beogh smites you!
You barely miss the orc. The orc barely misses you.
An orc wizard comes into view. It is wielding a dagger of speed.
Your shroud unravels.
The orc priest invokes the aid of Beogh against you.
Beogh smites you!
You die...

### .. .#
##########o######
#..@.o..o.o......
#.########..###.#
#(# ..# #.# ..#
#.###### ...
####.#..... ..##
#.)....#### .##
#.......... .#
##.......###


You could see an orc priest, an orc wizard and 2 orcs.

Vanquished Creatures
  2 adders (D:3)
  An ooze (D:2)
  2 worms (D:2)
  2 dart slugs
  3 leopard geckos
  2 giant cockroaches (D:2)
  4 hobgoblins (D:2)
  3 jackals (D:3)
  4 kobolds
  5 bats
  3 frilled lizards
  7 goblins
  7 rats
45 creatures vanquished.

Notes
Turn   | Place    | Note
-------+----------+-------------------------------------------
     0 | D:1      | Matador8 the Merfolk Skald began the quest for the Orb.
     0 | D:1      | Reached XP level 1. HP: 16/16 MP: 3/3
   195 | D:1      | Reached XP level 2. HP: 22/22 MP: 5/5
   208 | D:1      | Learned a level 2 spell: Shroud of Golubria
   807 | D:2      | Found a snail-covered altar of Cheibriados.
   845 | D:2      | Reached skill level 4 in Polearms
   879 | D:2      | Reached XP level 3. HP: 26/27 MP: 3/6
   895 | D:2      | Learned a level 3 spell: Spectral Weapon
  1423 | D:2      | Reached skill level 5 in Polearms
  1818 | D:3      | Reached XP level 4. HP: 19/33 MP: 2/7
  2183 | D:3      | Reached skill level 1 in Hexes
  2275 | D:3      | Killed from afar by an orc priest

Skill      XL: |  1  2  3  4 |
---------------+-------------+-----
Polearms       | 4 5 |  5.5
Charms         | 4 |  4.0
Hexes          | 1 |  1.0
Fighting       | |  2.1
Armour         | |  0.6
Dodging        | |  2.6
Spellcasting   | |  2.0

Action                   |  1- 3 |  4- 6 || total
-------------------------+-------+-------++-------
Melee: Spear             |   148 |    30 ||   178
 Cast: Infusion          |     7 |     1 ||     8
       Shroud of Golubri |     1 |     1 ||     2
 Stab: Sleeping          |     1 |     1 ||     2
  Eat: Chunk             |     3 |     2 ||     5
Armor: Leather armour    |    16 |     5 ||    21
Dodge: Dodged            |    81 |    18 ||    99
